 Dungeon Crawl Stone Soup version 0.27-b1-23-g44b8eac545 (webtiles) character file.

Game seed: 6358361943531785412

813 ryw the Skirmisher (level 7, 0/57 HPs)
             Began as a Demonspawn Monk on July 27, 2021.
             Was a Priest of Makhleb.
             Slain by an orc (7 damage)
             ... on level 5 of the Dungeon.
             The game lasted 00:15:58 (6892 turns).

ryw the Skirmisher (Demonspawn Monk)                Turns: 6892, Time: 00:15:58

Health: 0/57       AC:  7    Str: 13    XL:     7   Next: 61%
Magic:  7/7        EV: 14    Int: 11    God:    Makhleb [***...]
Gold:   246        SH:  0    Dex: 16    Spells: 6/6 levels left

rFire    . . .     SeeInvis .     - Unarmed
rCold    . . .     Faith    .   (no shield)
rNeg     . . .     Spirit   .   c - +0 robe
rPois    .         Reflect  .   (no helmet)
rElec    .         Harm     .   o - +1 cloak
rCorr    .         Rampage  .   (no gloves)
Will     .....                  (no boots)
Stlth    ++........             (no amulet)
HPRegen  0.19/turn              n - ring of wizardry
MPRegen  0.10/turn              (no ring)

@: no status effects
A: claws 1, sharp scales 3
a: Renounce Religion, Minor Destruction, Lesser Servant of Makhleb


You were on level 5 of the Dungeon.
You worshipped Makhleb.
Makhleb was most pleased with you.
You visited 1 branch of the dungeon, and saw 6 of its levels.
You also visited: Sewer.

You collected 246 gold pieces.

Inventory:

Missiles
 d - 10 poisoned darts
 i - 7 boomerangs (quivered)
Armour
 c - a +0 robe (worn)
 o - a +1 cloak (worn)
Magical Staves
 t - a staff of fire
Jewellery
 n - a ring of wizardry (left claw)
Wands
 l - a wand of iceblast (4)
 s - a wand of paralysis (9)
Scrolls
 a - 3 scrolls of enchant armour
 b - 7 scrolls of magic mapping
 f - 2 scrolls of fog {unknown}
 g - 6 scrolls of identify {unknown}
 k - 2 scrolls of vulnerability {unknown}
 r - a scroll of amnesia {unknown}
 w - a scroll of summoning {unknown}
 x - a scroll of fear {unknown}
Potions
 h - a potion of curing
 j - 3 potions of might {unknown}
 m - 2 potions of magic {unknown}
 p - 3 potions of haste {unknown}
 q - a potion of mutation {unknown}
 u - a potion of brilliance {unknown}
 v - a potion of invisibility {unknown}
 z - a potion of attraction {unknown}


   Skills:
 + Level 5.8 Fighting
 + Level 5.4 Dodging
 - Level 1.7 Stealth
 * Level 5.0 Unarmed Combat


You had 6 spell levels left.
You didn't know any spells.
Your spell library was empty.

Dungeon Overview and Level Annotations

Branches:
Dungeon (6/15)              Sewer (visited)
 Temple: D:4-7

Altars:
Elyvilon
Makhleb
Qazlal
Wu Jian

Shops:
D:3 **=[   D:5 :


Innate Abilities, Weirdness & Mutations

You have sharp fingernails.
You are completely covered in razor-sharp scales. (AC +3, Slay +3)


Message History

The centaur is heavily wounded.
The orc barely misses you.
The centaur hits you but does no damage.
The centaur kicks you.
* * * LOW HITPOINT WARNING * * *
The orc misses you. The orc hits you but does no damage.
You barely miss the centaur.
The centaur is heavily wounded.
The centaur closely misses you.
The centaur kicks you but does no damage.
The orc hits you with a +0 hand axe.
* * * LOW HITPOINT WARNING * * *
The orc hits you but does no damage. The orc barely misses you.
You barely miss the centaur.
The centaur is heavily wounded.
The centaur hits you.
* * * LOW HITPOINT WARNING * * *
The centaur kicks you.
* * * LOW HITPOINT WARNING * * *
The orc closely misses you. The centaur misses you.
The centaur kicks you but does no damage.
The orc hits you but does no damage. The orc hits you with a +0 mace.
* * * LOW HITPOINT WARNING * * *
You feel better. The centaur barely misses you. x2
The orc completely misses you. The orc hits you with a +0 hand axe.
* * * LOW HITPOINT WARNING * * *
The orc hits you with a +0 mace.
* * * LOW HITPOINT WARNING * * *
You barely miss the centaur.
The centaur is heavily wounded.
The centaur closely misses you.
The centaur kicks you but does no damage.
The orc hits you but does no damage. The centaur closely misses you.
The centaur kicks you.
* * * LOW HITPOINT WARNING * * *
As you read the scroll labelled VYSOUL GUIBYON, it crumbles to dust.
You hear a loud clanging noise!
It was a scroll of noise.
The orc closely misses you. The orc hits you with a +0 mace!
You die...

#.............≈.≈......
########....#....#≈........
#......#....+..............
#......#....#...#..........
#......#........#.....####.
#......#.#.#....#..........
######.)......###..........
#...c.#..........###<.
#######...o@o.....<.........
#.........##o#..##.)#..#....
#........###.###............
#.......##8...8###..#.#.....
#......##.......##..........
#......#8..._...8#..#.#.#...
######.##.......##..........
#..##8...8##...#.#.#.#.
#...###8###............


You could see a centaur and 3 orcs.

Vanquished Creatures
  A black bear (D:6)
  A phantom (D:4)
  A scorpion (D:5)
  A water moccasin zombie (D:5)
  3 wights (D:5)
  2 jellies
  2 hounds (D:5)
  2 orc priests (D:4)
  An iguana (D:5)
  2 orc wizards (D:4)
  A river rat (D:5)
  5 adders
  2 shadow imps
  2 worms
  3 dart slugs
  5 orcs
  15 ball pythons
  9 endoplasms
  4 giant cockroaches
  6 goblins
  4 hobgoblins
  6 jackals (Sewer)
  3 quokkas
  6 bats
  4 frilled lizards
  10 kobolds
  8 rats
109 creatures vanquished.

Vanquished Creatures (others)
  15 plants
15 creatures vanquished.

Grand Total: 124 creatures vanquished

Notes
Turn   | Place    | Note
-------+----------+-------------------------------------------
     0 | D:1      | ryw the Demonspawn Monk began the quest for the Orb.
     0 | D:1      | Reached XP level 1. HP: 18/18 MP: 1/1
   428 | D:1      | Gained mutation: You are partially covered in razor-sharp
                  | scales. (AC +1, Slay +1) [demonic ancestry]
   428 | D:1      | Reached XP level 2. HP: 15/24 MP: 2/2
   583 | D:1      | You fall into a shaft and drop 1 floor!
  1011 | D:1      | Reached XP level 3. HP: 22/29 MP: 3/3
  1824 | D:2      | You fall into a shaft and drop 2 floors!
  1849 | D:3      | Found Sypusae's Jewellery Boutique.
  2147 | D:3      | Gained mutation: You are mostly covered in razor-sharp
                  | scales. (AC +2, Slay +2) [demonic ancestry]
  2147 | D:3      | Reached XP level 4. HP: 17/37 MP: 4/4
  2326 | D:3      | Found Icko's Assorted Antiques.
  2663 | D:3      | Found a stormy altar of Qazlal.
  2675 | D:3      | Found Ushrionu's Assorted Antiques.
  2713 | D:3      | Found a burning altar of Makhleb.
  2725 | D:3      | Became a worshipper of Makhleb the Destroyer
  2725 | D:3      | Reached * piety under Makhleb
  2725 | D:3      | Reached ** piety under Makhleb
  3152 | D:3      | Found Lexy's Antique Armour Shoppe.
  3865 | D:4      | Gained mutation: You have sharp fingernails. [demonic
                  | ancestry]
  3865 | D:4      | Reached XP level 5. HP: 28/43 MP: 5/5
  4170 | D:4      | Noticed a phantom
  4763 | D:4      | Killed a phantom
  4764 | D:4      | Reached skill level 5 in Fighting
  4764 | D:4      | Reached XP level 6. HP: 43/51 MP: 6/6
  5019 | D:5      | Entered Level 5 of the Dungeon
  5246 | D:5      | Found an ornate altar of the Wu Jian Council.
  5339 | D:5      | Found Icwau's Book Shop.
  5363 | D:5      | Reached skill level 5 in Dodging
  5363 | D:5      | Gained mutation: You are completely covered in razor-sharp
                  | scales. (AC +3, Slay +3) [demonic ancestry]
  5363 | D:5      | Reached XP level 7. HP: 33/56 MP: 7/7
  5486 | D:5      | Found a glowing drain.
  5515 | Sewer    | Entered a sewer
  5990 | Sewer    | Reached *** piety under Makhleb
  6869 | D:6      | Reached skill level 5 in Unarmed Combat
  6892 | D:5      | Slain by an orc

Illustrated notes

Levels and vault maps discovered:
D:1:      scummos_arrival_star, layout_loops_ring,
          minmay_misc_feat_more_columns, st_stairs_8, minmay_misc_feat_encased
D:2:      layout_basic, minmay_nonomino_d4
D:3:      minmay_diamond_boxcup, layout_basic, grunt_qazlal_clouds,
          mainiacjoe_overflow_small_starburst, serial_shops,
          nicolae_shop_statue_plus, nicolae_square_shop, shop_fountains,
          nicolae_shop_stone
D:4:      layout_layer_cave, nicolae_elyvilon_temple_path
D:5:      layout_basic, nzn_wu_jian_council_hall, portal_sewer_entry_a,
          serial_shops, kennysheep_mini_moat, hangedman_decor_riveting,
          chequers_serial_rivers_micro_e, chequers_serial_rivers_micro_e
D:6:      layout_rooms, mainiacjoe_overflow_24_doors, trog_three_pillars_becter,
          serial_shops, kennysheep_mini

Skill      XL: |  1  2  3  4  5  6  7 |
---------------+----------------------+-----
Dodging        | 3 4 5 |  5.4
Fighting       | 4 5 |  5.8
Unarmed Combat | 3 4 5 |  5.0
Stealth        | |  1.7

Action                   |  1- 3 |  4- 6 |  7- 9 || total
-------------------------+-------+-------+-------++-------
Melee: Unarmed           |   153 |   152 |   136 ||   441
       Punch             |       |     3 |     3 ||     6
Throw: Boomerang         |       |     5 |       ||     5
  Use: Scroll            |       |     2 |     1 ||     3
       Potion            |       |     1 |     2 ||     3
 Stab: Sleeping          |     3 |     7 |     1 ||    11
Armor: Robe              |    36 |    47 |    45 ||   128
Dodge: Dodged            |   120 |    86 |   114 ||   320
